Moose vs Griffins
(R1)
Created - May 21, 2024 at 19:04
Goals
|
| Moose |
1 |
1 |
0 |
1 |
3 |
| Griffins |
1 |
1 |
0 |
0 |
2 |
|
Shots
|
| Moose |
10 |
10 |
9 |
1 |
30 |
| Griffins |
13 |
13 |
5 |
1 |
32 |
|
1st period
1. Griffins , Sonny Milano 2 (Nico Hischier 4, Ian McCoshen 2) at 10:51
2. Moose , Michael McLeod 7 (Nick Paul 4, Nikolay Goldobin 6) at 14:02 (PP)
Penalties :
Robby Fabbri (Gra) for Hooking (Minor) at 13:27, Christoffer Ehn (Gra) for Tripping (Minor) at 18:46
2nd period
3. Griffins , Lucas Lessio 4 (Martin Frk 6, Andrey Pedan 2) at 9:30
4. Moose , Michael McLeod 8 (Nick Paul 5) at 11:11 (PP)
Penalties :
Robbie Russo (Gra) for Hooking (Minor) at 10:35, Ian McCoshen (Gra) for Holding (Minor) at 11:55, Mathieu Joseph (Man) for Hooking (Minor) at 14:31
3rd period
No Goal
Penalties :
Joey Keane (Man) for Hooking (Minor) at 1:29, Cody Glass (Gra) for Hooking (Minor) at 4:17, Ian McCoshen (Gra) for Roughing (Minor) at 11:54, Juuso Valimaki (Man) for High sticking (Minor) at 18:51
Overtime #1
5. Moose , Michael McLeod 9 (Juuso Valimaki 4) at 3:13 (SH)
Penalties :
Anders Bjork (Man) for Tripping (Minor) at 2:15
Goalie Stats
Filip Gustavsson (Man), 30 saves from 32 shots - (0.938), W, 5-1-1, 63:13 minutes
Marcus Hogberg (Gra), 27 saves from 30 shots - (0.900), OTL, 2-1-2, 63:13 minutes
Players Stats for Moose
Player Name G A P +/- PIM S H SB GA TA FO MP PP MP PK MP
------------------------------------------------------------------------------------
Anders Bjork 0 0 0 0 2 3 0 0 1 0 0/0 12:13 0:00 0:36
Boris Katchouk 0 0 0 0 0 1 1 0 0 0 0/0 7:23 0:00 0:00
Caleb Jones 0 0 0 -1 0 1 0 0 0 1 0/0 17:35 0:00 2:24
Chase De Leo 0 0 0 0 0 0 1 0 2 0 3/5 12:26 0:04 0:33
Dylan Strome 0 0 0 -2 0 1 3 1 1 2 20/35 24:13 4:51 4:49
Jake Leschyshyn 0 0 0 0 0 1 1 0 0 0 1/3 7:23 0:00 0:00
Joey Keane 0 0 0 0 2 0 1 0 0 1 0/0 12:03 0:00 0:42
Josh Mahura 0 0 0 0 0 1 0 1 1 0 0/0 18:33 3:07 3:02
Julien Gauthier 0 0 0 0 0 0 0 1 0 0 0/0 11:25 0:00 0:00
Juuso Valimaki 0 1 1 0 2 1 2 4 1 1 0/0 26:33 6:00 3:10
Kieffer Bellows 0 0 0 0 0 0 0 0 0 0 0/1 7:23 0:00 0:00
Ludwig Bystrom 0 0 0 -1 0 0 1 1 2 1 0/0 23:48 6:00 0:00
Mathieu Joseph 0 0 0 -2 2 4 0 0 0 1 1/1 19:26 4:47 0:00
Michael McLeod 3 0 3 1 0 9 4 1 0 0 7/12 19:29 4:16 1:35
Nelson Nogier 0 0 0 0 0 1 3 1 2 2 0/0 27:59 3:07 4:30
Nick Paul 0 2 2 1 0 3 1 0 1 1 0/0 19:24 4:16 1:35
Nikolay Goldobin 0 1 1 -2 0 1 1 1 2 0 1/3 24:04 4:51 4:40
Vinni Lettieri 0 0 0 0 0 3 0 0 0 1 0/0 17:47 4:16 0:00
Players Stats for Griffins
Player Name G A P +/- PIM S H SB GA TA FO MP PP MP PK MP
------------------------------------------------------------------------------------
Andrey Pedan 0 1 1 0 0 1 0 2 1 2 0/0 23:54 0:00 5:20
Brendan Leipsic 0 0 0 0 0 1 1 0 0 0 1/1 10:17 0:00 0:00
Christoffer Ehn 0 0 0 1 2 3 5 0 0 2 7/14 18:33 2:58 1:40
Cody Glass 0 0 0 0 2 1 0 0 0 0 1/3 8:36 0:00 1:24
Filip Hronek 0 0 0 -1 0 0 3 1 2 1 0/0 28:00 4:06 5:20
Ian McCoshen 0 1 1 2 4 1 0 3 0 1 0/0 13:35 0:00 0:09
Jack Studnicka 0 0 0 0 0 1 1 0 0 0 0/0 7:04 0:00 0:00
Lucas Lessio 1 0 1 0 0 6 2 1 3 1 0/0 23:49 3:56 5:06
Martin Frk 0 1 1 0 0 4 1 1 1 2 0/1 20:42 3:56 2:19
Morgan Barron 0 0 0 0 0 0 0 1 0 0 0/1 8:54 0:00 1:39
Morgan Geekie 0 0 0 0 0 0 1 0 0 0 0/0 10:17 0:00 0:00
Nico Hischier 0 1 1 0 0 3 1 0 1 1 9/22 20:39 3:56 0:48
Nils Lundkvist 0 0 0 0 0 1 1 0 0 0 0/0 17:23 2:48 0:00
Riley Armstrong 0 0 0 0 0 2 1 0 0 2 7/14 18:51 2:58 5:18
Robbie Russo 0 0 0 1 2 1 0 0 0 1 0/0 12:56 0:00 3:38
Robby Fabbri 0 0 0 0 2 4 1 0 1 0 2/4 18:58 4:06 0:00
Ryan Pulock 0 0 0 0 0 2 1 2 1 0 0/0 21:40 2:48 3:38
Sebastian Ahaut 0 0 0 1 0 0 0 0 0 0 0/0 4:53 0:00 0:09
Sonny Milano 1 0 1 1 0 1 2 1 1 0 0/0 17:51 2:58 0:00
3 Stars
1 - Michael McLeod (Man)
2 - Nick Paul (Man)
3 - Sonny Milano (Gra)
Power Play
Moose - 2 on 6 Attempt(s) - 33.33%
Griffins - 0 on 4 Attempt(s) - 0.00%
Penalty Kill
Moose - 4 on 4 Attempt(s) - 100.00%
- Score 1 goal in Penalty Kill
Griffins - 4 on 6 Attempt(s) - 66.67%
- Score 0 goal in Penalty Kill
Team Stat
Moose - Hits : 19 - Faceoff Wins : 33 - Blocked Shots : 11 - Penalty Minutes : 8
Griffins - Hits : 21 - Faceoff Wins : 27 - Blocked Shots : 12 - Penalty Minutes : 12
Official
Referees : Pierre Lambert and Corey Syvret
Linesman : Tyson Baker and Greg Devorski
Game Notes
Michael McLeod has scored a Hat Trick!
Finance
Level 1 -- Attendance: 2000 (100.00%) -- Ticket Income $140,000
Level 2 -- Attendance: 1000 (100.00%) -- Ticket Income $40,000
Total Attendance: 3000 (100.00%)
Total Ticket Income: $180,000
Other Income: $9,000
Total Income: $189,000
Moose
5 vs 5 Forward
Center Left Wing Right Wing Time % Phy DF OF
1 Dylan Strome Nikolay Goldobin Mathieu Joseph 40 1 2 2
2 Michael McLeod Nick Paul Vinni Lettieri 30 1 2 2
3 Chase De Leo Anders Bjork Julien Gauthier 20 1 2 2
4 Jake Leschyshyn Boris Katchouk Kieffer Bellows 10 1 2 2
5 vs 5 Defense
Defense Defense Time % Phy DF OF
1 Ludwig Bystrom Nelson Nogier 40 1 2 2
2 Caleb Jones Juuso Valimaki 30 1 2 2
3 Joey Keane Josh Mahura 20 1 2 2
4 Juuso Valimaki Nelson Nogier 10 1 2 2
PowerPlay Forward
Center Left Wing Right Wing Time % Phy DF OF
1 Dylan Strome Nikolay Goldobin Mathieu Joseph 60 1 2 2
2 Michael McLeod Nick Paul Vinni Lettieri 40 1 2 2
PowerPlay Defense
Defense Defense Time % Phy DF OF
1 Juuso Valimaki Ludwig Bystrom 60 1 2 2
2 Nelson Nogier Josh Mahura 40 1 2 2
Penalty Kill 4 Players Forward
Center Wing Time % Phy DF OF
1 Dylan Strome Nikolay Goldobin 60 1 2 2
2 Michael McLeod Nick Paul 40 1 2 2
Penalty Kill 4 Players Defense
Defense Defense Time % Phy DF OF
1 Juuso Valimaki Nelson Nogier 60 1 2 2
2 Caleb Jones Josh Mahura 40 1 2 2
Penalty Kill - 3 Players Forward
Forward Time % Phy DF OF
1 Dylan Strome 60 1 2 2
2 Michael McLeod 40 1 2 2
Penalty Kill - 3 Players Defense
Defense Defense Time % Phy DF OF
1 Juuso Valimaki Nelson Nogier 60 1 2 2
2 Caleb Jones Josh Mahura 40 1 2 2
4 vs 4 Forward
Center Wing Time % Phy DF OF
1 Dylan Strome Nikolay Goldobin 60 1 2 2
2 Michael McLeod Nick Paul 40 1 2 2
4 vs 4 Defense
Defense Defense Time % Phy DF OF
1 Juuso Valimaki Nelson Nogier 60 1 2 2
2 Caleb Jones Josh Mahura 40 1 2 2
Last Minutes Offensive
Center Left Wing Right Wing Defense Defense
Dylan Strome Nikolay Goldobin Mathieu Joseph Juuso Valimaki Nelson Nogier
Last Minutes Defensive
Center Left Wing Right Wing Defense Defense
Dylan Strome Nikolay Goldobin Mathieu Joseph Juuso Valimaki Nelson Nogier
Goaltenders
Starting : Filip Gustavsson
Backup : Daniel Vladar
Extra Forwards
Normal : Chase De Leo, Nick Paul, Vinni Lettieri - PP : Chase De Leo, Nick Paul - PK : Chase De Leo
Extra Defensemen
Normal : Josh Mahura, Joey Keane, Ludwig Bystrom - PP : Josh Mahura - PK : Josh Mahura, Joey Keane
Penalty Shots
Mathieu Joseph, Nikolay Goldobin, Dylan Strome, Michael McLeod, Chase De Leo
Custom OT Lines Forwards
Mathieu Joseph, Nikolay Goldobin, Dylan Strome, Michael McLeod, Chase De Leo, Nick Paul, Vinni Lettieri, Anders Bjork, Julien Gauthier, Boris Katchouk
Custom OT Lines Defensemen
Juuso Valimaki, Ludwig Bystrom, Caleb Jones, Josh Mahura, Nelson Nogier
Scratches
Riley Damiani (Healthy), Alexander Khovanov (Healthy), Matthew Benning (Left Foot Injury), Mitchell Stephens (Healthy), Jonathan Kovacevic (Healthy)
Adam Ginning (Healthy), Jonny Tychonick (Healthy), Tomas Jurco (Healthy), Max Jones (Healthy), Nathan Bastian (Healthy)
William Bitten (Healthy), Jonatan Berggren (Healthy), Joey Daccord (Healthy), Karel Vejmelka (Healthy)
Griffins
5 vs 5 Forward
Center Left Wing Right Wing Time % Phy DF OF
1 Christoffer Ehn Lucas Lessio Martin Frk 35 1 2 2
2 Nico Hischier Robby Fabbri Sonny Milano 35 1 2 2
3 Riley Armstrong Brendan Leipsic Morgan Geekie 20 1 2 2
4 Cody Glass Morgan Barron Jack Studnicka 10 1 2 2
5 vs 5 Defense
Defense Defense Time % Phy DF OF
1 Filip Hronek Andrey Pedan 40 1 2 2
2 Ryan Pulock Nils Lundkvist 30 1 2 2
3 Robbie Russo Ian McCoshen 20 1 2 2
4 Ian McCoshen Sebastian Ahaut 10 1 2 2
PowerPlay Forward
Center Left Wing Right Wing Time % Phy DF OF
1 Nico Hischier Lucas Lessio Martin Frk 60 1 2 2
2 Christoffer Ehn Sonny Milano Riley Armstrong 40 1 2 2
PowerPlay Defense
Defense Defense Time % Phy DF OF
1 Filip Hronek Robby Fabbri 60 1 2 2
2 Ryan Pulock Nils Lundkvist 40 1 2 2
Penalty Kill 4 Players Forward
Center Wing Time % Phy DF OF
1 Riley Armstrong Lucas Lessio 60 1 2 2
2 Christoffer Ehn Martin Frk 40 1 2 2
Penalty Kill 4 Players Defense
Defense Defense Time % Phy DF OF
1 Filip Hronek Andrey Pedan 60 1 2 2
2 Ryan Pulock Robbie Russo 40 1 2 2
Penalty Kill - 3 Players Forward
Forward Time % Phy DF OF
1 Christoffer Ehn 60 1 2 2
2 Riley Armstrong 40 1 2 2
Penalty Kill - 3 Players Defense
Defense Defense Time % Phy DF OF
1 Filip Hronek Robbie Russo 60 1 2 2
2 Ryan Pulock Andrey Pedan 40 1 2 2
4 vs 4 Forward
Center Wing Time % Phy DF OF
1 Christoffer Ehn Lucas Lessio 60 1 2 2
2 Nico Hischier Martin Frk 40 1 2 2
4 vs 4 Defense
Defense Defense Time % Phy DF OF
1 Filip Hronek Ian McCoshen 60 1 2 2
2 Ryan Pulock Andrey Pedan 40 1 2 2
Last Minutes Offensive
Center Left Wing Right Wing Defense Defense
Christoffer Ehn Lucas Lessio Martin Frk Filip Hronek Robby Fabbri
Last Minutes Defensive
Center Left Wing Right Wing Defense Defense
Christoffer Ehn Lucas Lessio Riley Armstrong Filip Hronek Andrey Pedan
Goaltenders
Starting : Marcus Hogberg
Backup : Adam Werner
Extra Forwards
Normal : Morgan Geekie, Nico Hischier, Cody Glass - PP : Cody Glass, Brendan Leipsic - PK : Cody Glass
Extra Defensemen
Normal : Andrey Pedan, Robbie Russo, Ian McCoshen - PP : Sebastian Ahaut - PK : Ian McCoshen, Sebastian Ahaut
Penalty Shots
Sonny Milano, Martin Frk, Lucas Lessio, Riley Armstrong, Morgan Geekie
Custom OT Lines Forwards
Lucas Lessio, Nico Hischier, Robby Fabbri, Christoffer Ehn, Martin Frk, Riley Armstrong, Morgan Geekie, Cody Glass, Brendan Leipsic, Jack Studnicka
Custom OT Lines Defensemen
Filip Hronek, Andrey Pedan, Ryan Pulock, Nils Lundkvist, Ian McCoshen
Scratches
Jack Ramsey (Healthy), Jesse Graham (Healthy), Michael Bunting (Healthy), Conor Timmins (Healthy), Tyler Lewington (Healthy)
Calvin Thurkauf (Healthy), Oskar Steen (Healthy), Nick Swaney (Healthy), Dominik Bokk (Healthy), Philippe Desrosiers (Healthy)
% Time on Ice - Moose
Lines # - Real PCT - Wanted PCT - Time Play
Normal Forward
1 - 31% - 40% - 14:33
2 - 29% - 30% - 13:51
3 - 24% - 20% - 11:25
4 - 16% - 10% - 7:23
Normal Defense
1 - 39% - 40% - 18:33
2 - 32% - 30% - 15:08
3 - 24% - 20% - 11:20
4 - 5% - 10% - 2:11
PP Forward
1 - 53% - 60% - 4:51
2 - 47% - 40% - 4:16
PP Defense
1 - 66% - 60% - 6:00
2 - 34% - 40% - 3:07
PK Forward
1 - 77% - 60% - 5:19
2 - 23% - 40% - 1:35
PK Defense
1 - 71% - 60% - 4:55
2 - 29% - 40% - 1:59
PK3 Forward
1 - 0% - 60%
2 - 0% - 40%
PK3 Defense
1 - 0% - 60%
2 - 0% - 40%
44 Forward
1 - 0% - 60%
2 - 0% - 40%
44 Defense
1 - 0% - 60%
2 - 0% - 40%
Last Minute Offensive - 0:00
Last Minute Defensive - 0:00
Total
Forward - 63:13
Defense - 63:13
|
% Time on Ice - Griffins
Lines # - Real PCT - Wanted PCT - Time Play
Normal Forward
1 - 32% - 35% - 14:58
2 - 32% - 35% - 14:53
3 - 22% - 20% - 10:17
4 - 15% - 10% - 7:04
Normal Defense
1 - 39% - 40% - 18:34
2 - 32% - 30% - 15:14
3 - 18% - 20% - 8:40
4 - 10% - 10% - 4:44
PP Forward
1 - 57% - 60% - 3:56
2 - 43% - 40% - 2:58
PP Defense
1 - 59% - 60% - 4:06
2 - 41% - 40% - 2:48
PK Forward
1 - 75% - 60% - 6:48
2 - 25% - 40% - 2:19
PK Defense
1 - 60% - 60% - 5:29
2 - 40% - 40% - 3:38
PK3 Forward
1 - 0% - 60%
2 - 0% - 40%
PK3 Defense
1 - 0% - 60%
2 - 0% - 40%
44 Forward
1 - 0% - 60%
2 - 0% - 40%
44 Defense
1 - 0% - 60%
2 - 0% - 40%
Last Minute Offensive - 0:00
Last Minute Defensive - 0:00
Total
Forward - 63:13
Defense - 63:13
|
Play-by-Play
1st period
0:01 of 1st period - Dylan Strome wins face-off versus Christoffer Ehn in neutral zone.
1:12 of 1st period - Slapshot by Cody Glass.
1:12 of 1st period - Stopped by Filip Gustavsson without a rebound.
1:13 of 1st period - Nico Hischier wins face-off versus Dylan Strome in Moose zone.
2:04 of 1st period - Snap shot by Chase De Leo.
2:04 of 1st period - Shot Misses the Net.
2:25 of 1st period - Icing by Julien Gauthier.
2:26 of 1st period - Dylan Strome wins face-off versus Cody Glass in Moose zone.
2:33 of 1st period - Filip Hronek is hit by Dylan Strome and loses puck.
2:40 of 1st period - Wrist shot by Dylan Strome.
2:40 of 1st period - Shot Blocked by Filip Hronek.
2:52 of 1st period - Wrist shot by Jake Leschyshyn.
2:52 of 1st period - Shot Misses the Net.
2:54 of 1st period - Slapshot by Josh Mahura.
2:54 of 1st period - Shot Blocked by Andrey Pedan.
2:56 of 1st period - Slapshot by Josh Mahura.
2:56 of 1st period - Shot Blocked by Morgan Barron.
3:58 of 1st period - Icing by Mathieu Joseph.
3:59 of 1st period - Dylan Strome wins face-off versus Riley Armstrong in Moose zone.
4:08 of 1st period - Wrist shot by Riley Armstrong.
4:08 of 1st period - Shot Misses the Net.
4:10 of 1st period - Slapshot by Ian McCoshen.
4:10 of 1st period - Deflect By Brendan Leipsic.
4:10 of 1st period - Stopped by Filip Gustavsson with a rebound.
4:24 of 1st period - Wrist shot by Nikolay Goldobin.
4:24 of 1st period - Shot Misses the Net.
4:26 of 1st period - Slapshot by Caleb Jones.
4:26 of 1st period - Shot Misses the Net.
4:28 of 1st period - Snap shot by Vinni Lettieri.
4:28 of 1st period - Stopped by Marcus Hogberg without a rebound.
4:29 of 1st period - Christoffer Ehn wins face-off versus Michael McLeod in Griffins zone.
4:36 of 1st period - Slapshot by Ryan Pulock.
4:36 of 1st period - Stopped by Filip Gustavsson with a rebound.
4:38 of 1st period - Slapshot by Nils Lundkvist.
4:38 of 1st period - Deflect By Nelson Nogier.
4:38 of 1st period - Stopped by Filip Gustavsson without a rebound.
4:39 of 1st period - Dylan Strome wins face-off versus Christoffer Ehn in Moose zone.
4:52 of 1st period - Snap shot by Mathieu Joseph.
4:52 of 1st period - Stopped by Marcus Hogberg with a rebound.
6:08 of 1st period - Snap shot by Nikolay Goldobin.
6:08 of 1st period - Shot Misses the Net.
6:34 of 1st period - Snap shot by Michael McLeod.
6:34 of 1st period - Stopped by Marcus Hogberg with a rebound.
6:36 of 1st period - Snap shot by Vinni Lettieri.
6:36 of 1st period - Shot Misses the Net.
7:06 of 1st period - Martin Frk is hit by Jake Leschyshyn and loses puck.
7:13 of 1st period - Boris Katchouk is hit by Martin Frk.
7:39 of 1st period - Wrist shot by Nick Paul.
7:39 of 1st period - Stopped by Marcus Hogberg without a rebound.
7:40 of 1st period - Dylan Strome wins face-off versus Nico Hischier in Griffins zone.
7:56 of 1st period - Wrist shot by Robby Fabbri.
7:56 of 1st period - Stopped by Filip Gustavsson without a rebound.
7:57 of 1st period - Riley Armstrong wins face-off versus Michael McLeod in Moose zone.
8:04 of 1st period - Filip Hronek is hit by Joey Keane and loses puck.
8:36 of 1st period - Wrist shot by Mathieu Joseph.
8:36 of 1st period - Shot Misses the Net.
9:35 of 1st period - Snap shot by Michael McLeod.
9:35 of 1st period - Stopped by Marcus Hogberg without a rebound.
9:36 of 1st period - Christoffer Ehn wins face-off versus Dylan Strome in Griffins zone.
10:15 of 1st period - Wrist shot by Vinni Lettieri.
10:15 of 1st period - Stopped by Marcus Hogberg without a rebound.
10:16 of 1st period - Christoffer Ehn wins face-off versus Chase De Leo in Griffins zone.
10:27 of 1st period - Wrist shot by Martin Frk.
10:27 of 1st period - Stopped by Filip Gustavsson with a rebound.
10:33 of 1st period - Julien Gauthier is hit by Christoffer Ehn.
10:45 of 1st period - Snap shot by Nico Hischier.
10:45 of 1st period - Stopped by Filip Gustavsson with a rebound.
10:47 of 1st period - Slapshot by Ian McCoshen.
10:47 of 1st period - Deflect By Mathieu Joseph.
10:47 of 1st period - Stopped by Filip Gustavsson with a rebound.
10:49 of 1st period - Snap shot by Nico Hischier.
10:49 of 1st period - Shot Misses the Net.
10:51 of 1st period - Slapshot by Sonny Milano.
10:51 of 1st period - Goal by Sonny Milano - Moose : 0 - Griffins : 1.
10:52 of 1st period - Nico Hischier wins face-off versus Dylan Strome in neutral zone.
10:59 of 1st period - Wrist shot by Nico Hischier.
10:59 of 1st period - Shot Misses the Net.
11:07 of 1st period - Slapshot by Mathieu Joseph.
11:07 of 1st period - Stopped by Marcus Hogberg with a rebound.
12:54 of 1st period - Snap shot by Lucas Lessio.
12:54 of 1st period - Stopped by Filip Gustavsson with a rebound.
13:06 of 1st period - Joey Keane is hit by Morgan Geekie and loses puck.
13:27 of 1st period - Minor Penalty to Robby Fabbri for Hooking.
13:28 of 1st period - Dylan Strome wins face-off versus Riley Armstrong in Griffins zone.
13:32 of 1st period - Snap shot by Dylan Strome.
13:32 of 1st period - Shot Misses the Net.
14:02 of 1st period - Snap shot by Michael McLeod.
14:02 of 1st period - Deflect By Riley Armstrong.
14:02 of 1st period - Goal by Michael McLeod - Moose : 1 - Griffins : 1.
14:03 of 1st period - Nico Hischier wins face-off versus Dylan Strome in neutral zone.
14:12 of 1st period - Snap shot by Robby Fabbri.
14:12 of 1st period - Stopped by Filip Gustavsson without a rebound.
14:13 of 1st period - Dylan Strome wins face-off versus Robby Fabbri in Moose zone.
14:39 of 1st period - Slapshot by Robby Fabbri.
14:39 of 1st period - Stopped by Filip Gustavsson without a rebound.
14:40 of 1st period - Christoffer Ehn wins face-off versus Michael McLeod in Moose zone.
14:51 of 1st period - Slapshot by Michael McLeod.
14:51 of 1st period - Shot Blocked by Lucas Lessio.
15:29 of 1st period - Wrist shot by Morgan Barron.
15:29 of 1st period - Shot Blocked by Juuso Valimaki.
15:59 of 1st period - Wrist shot by Anders Bjork.
15:59 of 1st period - Stopped by Marcus Hogberg without a rebound.
16:00 of 1st period - Dylan Strome wins face-off versus Christoffer Ehn in Griffins zone.
17:50 of 1st period - Robby Fabbri is hit by Nelson Nogier and loses puck.
18:26 of 1st period - Backhand shot by Jack Studnicka.
18:26 of 1st period - Stopped by Filip Gustavsson with a rebound.
18:46 of 1st period - Minor Penalty to Christoffer Ehn for Tripping.
18:47 of 1st period - Riley Armstrong wins face-off versus Dylan Strome in Griffins zone.
18:47 of 1st period - Riley Armstrong is hit by Nikolay Goldobin.
19:11 of 1st period - Mathieu Joseph is hit by Riley Armstrong and loses puck.
19:20 of 1st period - Slapshot by Nelson Nogier.
19:20 of 1st period - Stopped by Marcus Hogberg with a rebound.
19:22 of 1st period - Slapshot by Nikolay Goldobin.
19:22 of 1st period - Deflect By Andrey Pedan.
19:22 of 1st period - Shot Misses the Net.
19:22 of 1st period - Puck is out of play.
19:23 of 1st period - Cody Glass wins face-off versus Michael McLeod in Griffins zone.
Goals for this period are 1 for Moose vs 1 for Griffins.
Shots for this period are 10 for Moose vs 13 for Griffins.
2nd period
0:01 of 2nd period - Dylan Strome wins face-off versus Riley Armstrong in neutral zone.
0:06 of 2nd period - Snap shot by Dylan Strome.
0:06 of 2nd period - Shot Misses the Net.
0:36 of 2nd period - Snap shot by Vinni Lettieri.
0:36 of 2nd period - Shot Misses the Net.
0:46 of 2nd period - Penalty to Christoffer Ehn is over, Christoffer Ehn is back on ice.
0:48 of 2nd period - Slapshot by Michael McLeod.
0:48 of 2nd period - Stopped by Marcus Hogberg with a rebound.
1:03 of 2nd period - Slapshot by Michael McLeod.
1:03 of 2nd period - Stopped by Marcus Hogberg without a rebound.
1:04 of 2nd period - Dylan Strome wins face-off versus Nico Hischier in Griffins zone.
1:05 of 2nd period - Snap shot by Mathieu Joseph.
1:05 of 2nd period - Stopped by Marcus Hogberg with a rebound.
1:13 of 2nd period - Wrist shot by Dylan Strome.
1:13 of 2nd period - Shot Misses the Net.
1:27 of 2nd period - Josh Mahura is hit by Robby Fabbri and loses puck.
1:52 of 2nd period - Snap shot by Nico Hischier.
1:52 of 2nd period - Stopped by Filip Gustavsson with a rebound.
1:58 of 2nd period - Snap shot by Julien Gauthier.
1:58 of 2nd period - Shot Misses the Net.
2:00 of 2nd period - Slapshot by Josh Mahura.
2:00 of 2nd period - Stopped by Marcus Hogberg without a rebound.
2:01 of 2nd period - Christoffer Ehn wins face-off versus Dylan Strome in Griffins zone.
2:08 of 2nd period - Snap shot by Martin Frk.
2:08 of 2nd period - Stopped by Filip Gustavsson without a rebound.
2:09 of 2nd period - Dylan Strome wins face-off versus Martin Frk in Moose zone.
2:16 of 2nd period - Snap shot by Dylan Strome.
2:16 of 2nd period - Stopped by Marcus Hogberg with a rebound.
2:22 of 2nd period - Slapshot by Filip Hronek.
2:22 of 2nd period - Shot Blocked by Nelson Nogier.
2:24 of 2nd period - Slapshot by Andrey Pedan.
2:24 of 2nd period - Deflect By Nikolay Goldobin.
2:24 of 2nd period - Stopped by Filip Gustavsson with a rebound.
2:26 of 2nd period - Slapshot by Christoffer Ehn.
2:26 of 2nd period - Stopped by Filip Gustavsson with a rebound.
2:28 of 2nd period - Wrist shot by Christoffer Ehn.
2:28 of 2nd period - Stopped by Filip Gustavsson with a rebound.
2:40 of 2nd period - Wrist shot by Dylan Strome.
2:40 of 2nd period - Shot Misses the Net.
4:02 of 2nd period - Wrist shot by Lucas Lessio.
4:02 of 2nd period - Shot Blocked by Ludwig Bystrom.
4:20 of 2nd period - Snap shot by Dylan Strome.
4:20 of 2nd period - Shot Misses the Net.
4:58 of 2nd period - Wrist shot by Martin Frk.
4:58 of 2nd period - Deflect By Lucas Lessio.
4:58 of 2nd period - Stopped by Filip Gustavsson without a rebound.
4:59 of 2nd period - Michael McLeod wins face-off versus Nico Hischier in Moose zone.
5:24 of 2nd period - Caleb Jones is hit by Nils Lundkvist and loses puck.
6:07 of 2nd period - Slapshot by Michael McLeod.
6:07 of 2nd period - Stopped by Marcus Hogberg without a rebound.
6:08 of 2nd period - Nico Hischier wins face-off versus Michael McLeod in Griffins zone.
6:08 of 2nd period - Nico Hischier is hit by Michael McLeod.
6:25 of 2nd period - Sonny Milano is hit by Nick Paul and loses puck.
6:53 of 2nd period - Icing by Vinni Lettieri.
6:54 of 2nd period - Chase De Leo wins face-off versus Morgan Barron in Moose zone.
7:34 of 2nd period - Icing by Ryan Pulock.
7:35 of 2nd period - Michael McLeod wins face-off versus Riley Armstrong in Griffins zone.
7:50 of 2nd period - Vinni Lettieri is hit by Brendan Leipsic and loses puck.
8:32 of 2nd period - Off-side.
8:33 of 2nd period - Chase De Leo wins face-off versus Cody Glass in neutral zone.
8:42 of 2nd period - Wrist shot by Anders Bjork.
8:42 of 2nd period - Shot Misses the Net.
8:58 of 2nd period - Sonny Milano is hit by Nelson Nogier and loses puck.
9:30 of 2nd period - Snap shot by Lucas Lessio.
9:30 of 2nd period - Goal by Lucas Lessio - Moose : 1 - Griffins : 2.
9:31 of 2nd period - Nico Hischier wins face-off versus Dylan Strome in neutral zone.
9:59 of 2nd period - Nils Lundkvist is hit by Michael McLeod.
10:19 of 2nd period - Slapshot by Juuso Valimaki.
10:19 of 2nd period - Stopped by Marcus Hogberg without a rebound.
10:20 of 2nd period - Riley Armstrong wins face-off versus Jake Leschyshyn in Griffins zone.
10:33 of 2nd period - Slapshot by Boris Katchouk.
10:33 of 2nd period - Shot Blocked by Ian McCoshen.
10:35 of 2nd period - Minor Penalty to Robbie Russo for Hooking.
10:36 of 2nd period - Riley Armstrong wins face-off versus Dylan Strome in Griffins zone.
10:36 of 2nd period - Riley Armstrong is hit by Ludwig Bystrom.
11:02 of 2nd period - Andrey Pedan is hit by Juuso Valimaki and loses puck.
11:11 of 2nd period - Wrist shot by Michael McLeod.
11:11 of 2nd period - Goal by Michael McLeod - Moose : 2 - Griffins : 2.
11:12 of 2nd period - Robby Fabbri wins face-off versus Dylan Strome in neutral zone.
11:55 of 2nd period - Minor Penalty to Ian McCoshen for Holding.
11:56 of 2nd period - Riley Armstrong wins face-off versus Dylan Strome in Griffins zone.
12:30 of 2nd period - Snap shot by Nick Paul.
12:30 of 2nd period - Shot Misses the Net.
13:55 of 2nd period - Penalty to Ian McCoshen is over, Ian McCoshen is back on ice.
14:02 of 2nd period - Slapshot by Robby Fabbri.
14:02 of 2nd period - Shot Misses the Net.
14:04 of 2nd period - Wrist shot by Robby Fabbri.
14:04 of 2nd period - Shot Blocked by Julien Gauthier.
14:06 of 2nd period - Slapshot by Robbie Russo.
14:06 of 2nd period - Stopped by Filip Gustavsson with a rebound.
14:08 of 2nd period - Snap shot by Nico Hischier.
14:08 of 2nd period - Shot Blocked by Josh Mahura.
14:24 of 2nd period - Slapshot by Riley Armstrong.
14:24 of 2nd period - Deflect By Josh Mahura.
14:24 of 2nd period - Shot Misses the Net.
14:24 of 2nd period - Puck is out of play.
14:25 of 2nd period - Riley Armstrong wins face-off versus Jake Leschyshyn in Moose zone.
14:28 of 2nd period - Wrist shot by Riley Armstrong.
14:28 of 2nd period - Stopped by Filip Gustavsson without a rebound.
14:29 of 2nd period - Dylan Strome wins face-off versus Nico Hischier in Moose zone.
14:31 of 2nd period - Minor Penalty to Mathieu Joseph for Hooking.
14:32 of 2nd period - Dylan Strome wins face-off versus Nico Hischier in Moose zone.
14:32 of 2nd period - Dylan Strome is hit by Lucas Lessio.
14:41 of 2nd period - Snap shot by Lucas Lessio.
14:41 of 2nd period - Stopped by Filip Gustavsson without a rebound.
14:42 of 2nd period - Nikolay Goldobin wins face-off versus Nico Hischier in Moose zone.
14:42 of 2nd period - Nikolay Goldobin is hit by Filip Hronek.
15:06 of 2nd period - Snap shot by Martin Frk.
15:06 of 2nd period - Shot Blocked by Nikolay Goldobin.
15:10 of 2nd period - Wrist shot by Lucas Lessio.
15:10 of 2nd period - Stopped by Filip Gustavsson with a rebound.
15:16 of 2nd period - Snap shot by Nico Hischier.
15:16 of 2nd period - Shot Blocked by Juuso Valimaki.
15:18 of 2nd period - Wrist shot by Nico Hischier.
15:18 of 2nd period - Stopped by Filip Gustavsson with a rebound.
15:20 of 2nd period - Snap shot by Filip Hronek.
15:20 of 2nd period - Shot Blocked by Dylan Strome.
15:22 of 2nd period - Wrist shot by Martin Frk.
15:22 of 2nd period - Stopped by Filip Gustavsson with a rebound.
15:46 of 2nd period - Slapshot by Robby Fabbri.
15:46 of 2nd period - Deflect By Nico Hischier.
15:46 of 2nd period - Shot Misses the Net.
15:46 of 2nd period - Puck is out of play.
15:47 of 2nd period - Michael McLeod wins face-off versus Riley Armstrong in Moose zone.
15:47 of 2nd period - Michael McLeod is hit by Christoffer Ehn.
15:55 of 2nd period - Snap shot by Nick Paul.
15:55 of 2nd period - Shot Misses the Net.
15:57 of 2nd period - Backhand shot by Nick Paul.
15:57 of 2nd period - Shot Misses the Net.
15:59 of 2nd period - Slapshot by Michael McLeod.
15:59 of 2nd period - Stopped by Marcus Hogberg without a rebound.
16:00 of 2nd period - Dylan Strome wins face-off versus Christoffer Ehn in Griffins zone.
16:10 of 2nd period - Icing by Ryan Pulock.
16:11 of 2nd period - Christoffer Ehn wins face-off versus Dylan Strome in Griffins zone.
16:16 of 2nd period - Snap shot by Ryan Pulock.
16:16 of 2nd period - Shot Misses the Net.
16:26 of 2nd period - Snap shot by Riley Armstrong.
16:26 of 2nd period - Shot Blocked by Juuso Valimaki.
16:31 of 2nd period - Penalty to Mathieu Joseph is over, Mathieu Joseph is back on ice.
18:02 of 2nd period - Snap shot by Chase De Leo.
18:02 of 2nd period - Shot Misses the Net.
18:04 of 2nd period - Slapshot by Joey Keane.
18:04 of 2nd period - Shot Misses the Net.
18:38 of 2nd period - Wrist shot by Morgan Barron.
18:38 of 2nd period - Shot Misses the Net.
19:08 of 2nd period - Martin Frk is hit by Nelson Nogier and loses puck.
19:19 of 2nd period - Backhand shot by Anders Bjork.
19:19 of 2nd period - Stopped by Marcus Hogberg without a rebound.
19:20 of 2nd period - Riley Armstrong wins face-off versus Nikolay Goldobin in Griffins zone.
19:25 of 2nd period - Wrist shot by Nikolay Goldobin.
19:25 of 2nd period - Shot Misses the Net.
19:27 of 2nd period - Slapshot by Nikolay Goldobin.
19:27 of 2nd period - Shot Misses the Net.
19:47 of 2nd period - Nick Paul is hit by Nico Hischier and loses puck.
Goals for this period are 1 for Moose vs 1 for Griffins.
Shots for this period are 10 for Moose vs 13 for Griffins.
3rd period
0:01 of 3rd period - Dylan Strome wins face-off versus Nico Hischier in neutral zone.
0:38 of 3rd period - Slapshot by Michael McLeod.
0:38 of 3rd period - Shot Blocked by Andrey Pedan.
1:16 of 3rd period - Snap shot by Robby Fabbri.
1:16 of 3rd period - Stopped by Filip Gustavsson without a rebound.
1:17 of 3rd period - Robby Fabbri wins face-off versus Dylan Strome in Moose zone.
1:29 of 3rd period - Minor Penalty to Joey Keane for Hooking.
1:30 of 3rd period - Dylan Strome wins face-off versus Nico Hischier in Moose zone.
2:16 of 3rd period - Backhand shot by Juuso Valimaki.
2:16 of 3rd period - Shot Misses the Net.
2:34 of 3rd period - Dylan Strome is hit by Christoffer Ehn and loses puck.
3:29 of 3rd period - Penalty to Joey Keane is over, Joey Keane is back on ice.
3:36 of 3rd period - Wrist shot by Boris Katchouk.
3:36 of 3rd period - Shot Misses the Net.
3:38 of 3rd period - Slapshot by Josh Mahura.
3:38 of 3rd period - Shot Blocked by Ryan Pulock.
3:40 of 3rd period - Slapshot by Caleb Jones.
3:40 of 3rd period - Shot Blocked by Ryan Pulock.
3:42 of 3rd period - Slapshot by Caleb Jones.
3:42 of 3rd period - Stopped by Marcus Hogberg with a rebound.
3:44 of 3rd period - Wrist shot by Jake Leschyshyn.
3:44 of 3rd period - Shot Blocked by Martin Frk.
4:17 of 3rd period - Minor Penalty to Cody Glass for Hooking.
4:18 of 3rd period - Dylan Strome wins face-off versus Riley Armstrong in Griffins zone.
6:17 of 3rd period - Penalty to Cody Glass is over, Cody Glass is back on ice.
6:28 of 3rd period - Off-side.
6:29 of 3rd period - Brendan Leipsic wins face-off versus Kieffer Bellows in neutral zone.
6:34 of 3rd period - Wrist shot by Riley Armstrong.
6:34 of 3rd period - Stopped by Filip Gustavsson with a rebound.
6:56 of 3rd period - Wrist shot by Martin Frk.
6:56 of 3rd period - Shot Misses the Net.
7:04 of 3rd period - Slapshot by Boris Katchouk.
7:04 of 3rd period - Stopped by Marcus Hogberg without a rebound.
7:05 of 3rd period - Michael McLeod wins face-off versus Nico Hischier in Griffins zone.
7:06 of 3rd period - Snap shot by Nick Paul.
7:06 of 3rd period - Shot Blocked by Ian McCoshen.
7:08 of 3rd period - Snap shot by Vinni Lettieri.
7:08 of 3rd period - Stopped by Marcus Hogberg with a rebound.
7:10 of 3rd period - Wrist shot by Michael McLeod.
7:10 of 3rd period - Shot Misses the Net.
7:12 of 3rd period - Snap shot by Nelson Nogier.
7:12 of 3rd period - Shot Blocked by Ian McCoshen.
7:14 of 3rd period - Snap shot by Nick Paul.
7:14 of 3rd period - Deflect By Vinni Lettieri.
7:14 of 3rd period - Shot Blocked by Sonny Milano.
7:14 of 3rd period - Puck is out of play.
7:15 of 3rd period - Michael McLeod wins face-off versus Nico Hischier in Griffins zone.
8:30 of 3rd period - Off-side.
8:31 of 3rd period - Nico Hischier wins face-off versus Dylan Strome in neutral zone.
9:02 of 3rd period - Wrist shot by Martin Frk.
9:02 of 3rd period - Stopped by Filip Gustavsson without a rebound.
9:03 of 3rd period - Chase De Leo wins face-off versus Christoffer Ehn in Moose zone.
9:12 of 3rd period - Christoffer Ehn is hit by Chase De Leo and loses puck.
9:17 of 3rd period - Slapshot by Anders Bjork.
9:17 of 3rd period - Stopped by Marcus Hogberg without a rebound.
9:18 of 3rd period - Nico Hischier wins face-off versus Nikolay Goldobin in Griffins zone.
9:18 of 3rd period - Nico Hischier is hit by Dylan Strome.
9:44 of 3rd period - Chase De Leo is hit by Filip Hronek and loses puck.
9:48 of 3rd period - Icing by Caleb Jones.
9:49 of 3rd period - Christoffer Ehn wins face-off versus Chase De Leo in Moose zone.
9:52 of 3rd period - Backhand shot by Lucas Lessio.
9:52 of 3rd period - Stopped by Filip Gustavsson without a rebound.
9:53 of 3rd period - Dylan Strome wins face-off versus Robby Fabbri in Moose zone.
9:53 of 3rd period - Dylan Strome is hit by Sonny Milano.
10:05 of 3rd period - Backhand shot by Nikolay Goldobin.
10:05 of 3rd period - Stopped by Marcus Hogberg with a rebound.
10:21 of 3rd period - Slapshot by Ryan Pulock.
10:21 of 3rd period - Shot Blocked by Michael McLeod.
10:25 of 3rd period - Wrist shot by Christoffer Ehn.
10:25 of 3rd period - Shot Misses the Net.
10:46 of 3rd period - Snap shot by Jake Leschyshyn.
10:46 of 3rd period - Deflect By Kieffer Bellows.
10:46 of 3rd period - Shot Misses the Net.
10:46 of 3rd period - Puck is out of play.
10:47 of 3rd period - Jake Leschyshyn wins face-off versus Nico Hischier in Griffins zone.
10:54 of 3rd period - Snap shot by Jake Leschyshyn.
10:54 of 3rd period - Stopped by Marcus Hogberg without a rebound.
10:55 of 3rd period - Mathieu Joseph wins face-off versus Nico Hischier in Griffins zone.
11:19 of 3rd period - Nico Hischier is hit by Juuso Valimaki.
11:41 of 3rd period - Slapshot by Mathieu Joseph.
11:41 of 3rd period - Shot Hit the Post.
11:43 of 3rd period - Wrist shot by Mathieu Joseph.
11:43 of 3rd period - Stopped by Marcus Hogberg without a rebound.
11:44 of 3rd period - Michael McLeod wins face-off versus Christoffer Ehn in Griffins zone.
11:54 of 3rd period - Minor Penalty to Ian McCoshen for Roughing.
11:55 of 3rd period - Michael McLeod wins face-off versus Riley Armstrong in Griffins zone.
12:07 of 3rd period - Snap shot by Michael McLeod.
12:07 of 3rd period - Shot Misses the Net.
12:09 of 3rd period - Backhand shot by Nick Paul.
12:09 of 3rd period - Stopped by Marcus Hogberg with a rebound.
12:11 of 3rd period - Snap shot by Vinni Lettieri.
12:11 of 3rd period - Shot Misses the Net.
12:21 of 3rd period - Juuso Valimaki is hit by Christoffer Ehn and loses puck.
13:54 of 3rd period - Penalty to Ian McCoshen is over, Ian McCoshen is back on ice.
14:07 of 3rd period - Anders Bjork is hit by Sonny Milano and loses puck.
14:23 of 3rd period - Jake Leschyshyn is hit by Jack Studnicka and loses puck.
15:05 of 3rd period - Nelson Nogier is hit by Lucas Lessio and loses puck.
15:12 of 3rd period - Nils Lundkvist is hit by Michael McLeod and loses puck.
16:08 of 3rd period - Ludwig Bystrom is hit by Christoffer Ehn and loses puck.
17:15 of 3rd period - Wrist shot by Christoffer Ehn.
17:15 of 3rd period - Stopped by Filip Gustavsson without a rebound.
17:16 of 3rd period - Dylan Strome wins face-off versus Christoffer Ehn in Moose zone.
17:45 of 3rd period - Wrist shot by Michael McLeod.
17:45 of 3rd period - Deflect By Nick Paul.
17:45 of 3rd period - Stopped by Marcus Hogberg with a rebound.
17:55 of 3rd period - Chase De Leo is hit by Ryan Pulock and loses puck.
18:43 of 3rd period - Wrist shot by Morgan Barron.
18:43 of 3rd period - Shot Blocked by Juuso Valimaki.
18:45 of 3rd period - Snap shot by Cody Glass.
18:45 of 3rd period - Shot Misses the Net.
18:51 of 3rd period - Minor Penalty to Juuso Valimaki for High sticking.
18:52 of 3rd period - Dylan Strome wins face-off versus Nico Hischier in Moose zone.
19:09 of 3rd period - Dylan Strome is hit by Filip Hronek and loses puck.
19:22 of 3rd period - Riley Armstrong is hit by Dylan Strome and loses puck.
19:50 of 3rd period - Ryan Pulock is hit by Michael McLeod and loses puck.
Goals for this period are 0 for Moose vs 0 for Griffins.
Shots for this period are 9 for Moose vs 5 for Griffins.
Overtime #1
0:01 of 1st overtime period - Nico Hischier wins face-off versus Dylan Strome in neutral zone.
0:51 of 1st overtime period - Penalty to Juuso Valimaki is over, Juuso Valimaki is back on ice.
1:33 of 1st overtime period - Brendan Leipsic is hit by Boris Katchouk.
1:53 of 1st overtime period - Snap shot by Ryan Pulock.
1:53 of 1st overtime period - Stopped by Filip Gustavsson with a rebound.
2:15 of 1st overtime period - Minor Penalty to Anders Bjork for Tripping.
2:16 of 1st overtime period - Nico Hischier wins face-off versus Dylan Strome in Moose zone.
3:13 of 1st overtime period - Snap shot by Michael McLeod.
3:13 of 1st overtime period - Goal by Michael McLeod - Moose : 3 - Griffins : 2.
Goals for this period are 1 for Moose vs 0 for Griffins.
Shots for this period are 1 for Moose vs 1 for Griffins.